 Dungeon Crawl Stone Soup version 0.23-a0-143-g1adec7b (webtiles) character file.

13 Amnesiac the Chiller (level 2, -3/19 HPs)
             Began as a Mummy Ice Elementalist on Sept 3, 2018.
             Killed from afar by a white imp (6 damage)
             ... with a puff of frost
             ... summoned by Natasha
             ... on level 2 of the Dungeon.
             The game lasted 00:00:36 (271 turns).

Amnesiac the Chiller (Mummy Ice Elementalist)        Turns: 271, Time: 00:00:36

Health: -3/19      AC:  2    Str: 11    XL:     2   Next: 24%
Magic:  2/5        EV: 12    Int: 14    God:
Gold:   25         SH:  0    Dex: 12    Spells: 5/6 levels left

rFire    x . .     SeeInvis .   (no weapon)
rCold    + . .     Gourm    .   (no shield)
rNeg     + + +     Faith    .   a - +0 robe
rPois    ∞         Spirit   .   (no helmet)
rElec    .         Reflect  .   (no cloak)
rCorr    .         Harm     .   (no gloves)
MR       .....                  (no boots)
Stlth    ++........             (no amulet)
HPRegen  0.06/turn              (no ring)
MPRegen  0.09/turn              (no ring)

@: no status effects
A: no food or potions, fire vulnerability, cold resistance 1, negative energy
resistance 3, torment resistance, unbreathing
a: no special abilities


You were on level 2 of the Dungeon.
You were not hungry.

You visited 1 branch of the dungeon, and saw 2 of its levels.

You collected 25 gold pieces.

Inventory:

Armour
 a - a +0 robe (worn)


   Skills:
 - Level 1.5 Dodging
 - Level 1.5 Stealth
 + Level 2.6 Spellcasting
   Level 0.7 Conjurations
 - Level 3.1 Ice Magic


You had 5 spell levels left.
You knew the following spells:

 Your Spells              Type           Power        Failure   Level  Hunger
a - Freeze                Ice            ##..         6%          1    N/A

Your spell library contained the following spells:

 Spells                   Type           Power        Failure   Level  Hunger
 Throw Frost              Conj/Ice       #.....       16%         2    N/A
 Ozocubu's Armour         Chrm/Ice       #.......     34%         3    N/A
 Throw Icicle             Conj/Ice       #.......     69%         4    N/A
 Summon Ice Beast         Ice/Summ       #.......     75%         4    N/A

Dungeon Overview and Level Annotations

Branches:
Dungeon (1/15)

Altars:

Annotations:
D:2 Natasha


Innate Abilities, Weirdness & Mutations

You do not eat or drink.
Your flesh is vulnerable to fire.
You are immune to poison.
Your flesh is cold resistant. (rC+)
You are immune to negative energy. (rN+++)
You are immune to unholy pain and torment.
You can survive without breathing.


Message History

Aiming: Freeze (safe; 6% risk of failure)
Press: ? - help, Shift-Dir - straight line, f - Natasha
Aim: Natasha You freeze Natasha.
Natasha is lightly wounded.
Natasha mumbles some strange words.
Natasha howls an incantation.
Natasha shimmers violently.
Natasha casts a spell at you. You resist with significant effort.
The white imp shouts, "Return whence thou came, thou erky sheep-biting The white imp misses you.
Natasha misses you. The white imp gestures at you.
The puff of frost misses you. Natasha barely misses you.
A giant cockroach comes into view.
Natasha closely misses you. The white imp gestures at you.
The puff of frost hits you! You resist.
Found 15 bolts.
Found a stone staircase leading up.
The giant cockroach closely misses you. x2
Natasha hisses.
Natasha closely misses you.
Found a hunting sling and a scroll labeled XOACHUBAEM.
The giant cockroach closely misses you. The white imp barely misses you.
A goblin comes into view. It is wielding a dagger.
The white imp closely misses you. The giant cockroach bites you.
Found a red potion.
A kobold comes into view.
The kobold shouts!
The goblin shouts!
The hobgoblin misses you.
Natasha casts a spell.
The white imp completely misses you. The giant cockroach closely misses you.
You feel yourself speed up.
A rat comes into view.
The shadow imp closely misses you.
A kobold comes into view. It is wielding a dagger.
The kobold shouts!
Found a mace.
Found a stone staircase leading down.
You closely miss the goblin. The hobgoblin closely misses you.
The white imp hits you. The white imp freezes you. You resist.
A goblin comes into view. It is wielding a club.
The shadow imp barely misses you.
The giant cockroach bites you but does no damage.
The goblin hits you with a dagger.
* * * LOW HITPOINT WARNING * * *
The kobold closely misses you.
The goblin shouts!
You hear a shout!
The white imp disappears in a puff of smoke!
The white imp hits you.
* * * LOW HITPOINT WARNING * * *
The white imp freezes you. You resist.
* * * LOW HITPOINT WARNING * * *
The hobgoblin barely misses you. The goblin hits you with a dagger.
* * * LOW HITPOINT WARNING * * *
The kobold misses you.
A bat comes into view.
The rat misses you.
The bat moves out of view.
The kobold hits you but does no damage. The goblin hits you but does no damage.
Found a sharpened bronze wand.
The white imp gestures at you. The puff of frost hits you! You resist.
You die...

#. ...... #. ....b .
###### #. .... .. .....#
#. ... ... .....# #.
..... . .....# ###.
.#.#... .....#
#####...#.../...
.....####.....##@.##)..
..............5.........
#.#..........h5gK.......
#............Kgrs.......
####.##.#.......g!......
#.##...........#.....
).......#..............
.##...#...........#....
....#...###...#.#.# ..


You could see Natasha, a white imp, a shadow imp, a giant cockroach, a
hobgoblin, 2 goblins, a bat, 2 kobolds and a rat.

Vanquished Creatures
  An adder (D:2)
  3 bats (D:1)
  A rat (D:1)
5 creatures vanquished.

Notes
Turn   | Place    | Note
-------+----------+-------------------------------------------
     0 | D:1      | Amnesiac the Mummy Ice Elementalist began the quest for the
                  | Orb.
     0 | D:1      | Reached XP level 1. HP: 13/13 MP: 4/4
   244 | D:1      | You fall through a shaft!
   248 | D:2      | Noticed Natasha
   252 | D:2      | Reached skill level 3 in Ice Magic
   252 | D:2      | Reached XP level 2. HP: 17/19 MP: 1/5
   271 | D:2      | Killed from afar by a white imp

Vault maps used:
D:1:      dpeg_arrival_rhombi
D:2:      uniq_natasha

Skill      XL: |  1 |
---------------+----+-----
Ice Magic      | 3 |  3.1
Dodging        | |  1.5
Stealth        | |  1.5
Spellcasting   | |  2.6
Conjurations   | |  0.7

Action                   || total
-------------------------++-------
Melee: Unarmed           ||     1
 Cast: Freeze            ||     9
Armor: Robe              ||     2
Dodge: Dodged            ||    31

Table legend:
 A = Non-vault XP
 B = Vault XP
 C = Vault XP percentage of total XP
 D = Non-vault monster count
 E = Vault monster count
 F = Vault count percentage of total count
                 A         B        C        D         E       F
            +---------+---------+-------+---------+---------+-------
      Total |      19 |       0 |   0.0 |       5 |       0 |   0.0
            +---------+---------+-------+---------+---------+-------
        D:1 |       5 |       0 |   0.0 |       4 |       0 |   0.0
        D:2 |      14 |       0 |   0.0 |       1 |       0 |   0.0
            +---------+---------+-------+---------+---------+-------
